 Dungeon Crawl Stone Soup version 0.15.2 (webtiles) character file.

81 bullock the Ruinous (level 4, -8/24 HPs)
             Began as a Gargoyle Wizard on Nov 14, 2014.
             Mangled by Sigmund
             ... wielding a +0 scythe
              (10 damage)
             ... on Level 2 of the Dungeon.
             The game lasted 00:06:46 (1784 turns).

bullock the Ruinous (Gargoyle Wizard)               Turns: 1784, Time: 00:06:46

HP  -8/24        AC  5     Str 10      XL: 4   Next: 42%
MP   4/10        EV 12     Int 20      God:
Gold 65          SH  0     Dex 12      Spells:  4 memorised,  2 levels left

rFire  . . .     SeeInvis .     e - +2 dagger (venom)
rCold  . . .     Clarity  .     a - +0 robe
rNeg   + . .     rCorr    .     (no shield)
rPois  +         rRot     +     b - +0 hat
rElec  +         Spirit   .     (no cloak)
SustAb .         Warding  .     (no gloves)
rMut   .         Stasis   .     (no boots)
Gourm  .                        (no amulet)
MR     .....                    (no ring)
                                f - +4 ring of dexterity

@: confused, repel missiles, not resistant to hostile enchantments, very
unstealthy
A: negative energy resistance 1, electricity resistance, unbreathing,
petrification resistance, rot immunity, AC +3
a: no special abilities


You were on level 2 of the Dungeon.
You were hungry.

You visited 1 branch of the dungeon, and saw 2 of its levels.

You collected 65 gold pieces.

Inventory:

Hand weapons
 e - a +2 dagger of venom (weapon)
Armour
 a - a +0 robe (worn)
 b - a +0 hat (worn)
Comestibles
 d - 2 bread rations
 h - a slice of pizza
 j - a chunk of rat flesh
 k - 3 meat rations
 p - a beef jerky
Scrolls
 i - a scroll of enchant armour {unknown}
 l - 4 scrolls of identify {unknown}
 m - a scroll of noise {unknown}
 n - a scroll of remove curse {unknown}
 q - a scroll of magic mapping {unknown}
Jewellery
 f - a +4 ring of dexterity (left hand)
Potions
 g - 3 potions of confusion {unknown}
Books
 c - a book of Minor Magic

   Spells                             Type                      Level
   *Magic Dart                        Conjuration                  1
   *Blink                             Translocation                2
   Call Imp                           Summoning                    2
   *Repel Missiles                    Charms/Air                   2
   Slow                               Hexes                        2
   *Conjure Flame                     Conjuration/Fire             3
   Mephitic Cloud                     Conjuration/Poison/Air       3


   Skills:
 - Level 1.5 Dodging
 - Level 2.1 Stealth
 + Level 3.6 Spellcasting
 * Level 3.7 Conjurations
   Level 0.8 Summonings
 - Level 0.8 Translocations


You had 2 spell levels left.
You knew the following spells:

 Your Spells              Type           Power        Failure   Level  Hunger
a - Magic Dart            Conj           ###.         2%          1    None
f - Conjure Flame         Conj/Fire      ##......     21%         3    ###....
q - Blink                 Tloc           N/A          17%         2    ##.....
v - Repel Missiles        Chrm/Air       #.....       24%         2    ##.....


Dungeon Overview and Level Annotations

Branches:
Dungeon (2/15)

Altars:
Dithmenos

Annotations:
D:2 Sigmund


Innate Abilities, Weirdness & Mutations

You are resistant to torment.
You are immune to poison.
Your stone body is very resilient (AC +3).
You resist negative energy.
You are resistant to electric shocks.
You can survive without breathing.
You are immune to petrification.
You are immune to rotting.


Message History

Unknown command.
You're too confused to cast spells.
Sorry, you're not good enough to have a special ability.
Unknown command.
Sigmund gestures wildly while chanting.
Sigmund flickers and vanishes!
Deactivating autopickup; reactivate with Ctrl-A.
Ouch! You are more confused.
Ouch! The puff of flame misses you.
Found a mace.
The magic dart hits you! Something hits you.
* * * LOW HITPOINT WARNING * * *
Something hits you.
* * * LOW HITPOINT WARNING * * *
You're too confused to cast spells.
Ouch! Ouch! Something hits you!
You die...

####....##.####.....##.........
#.#.#####...#%......#.........
#....#.....##.#._.#.#%....<...
#.#..#.###.#..##.##...........
#>#..# #%#"..###............
#.#### #..........#..(......
#.. #####.....##(....>... #..
#........############ ....
)....##@..#.....# .#.. ##
#...#####. . ..# .......# # #
.......#.# #.......#.#
#.......# # #.......# .#.###.#
.


There were no monsters in sight!

Vanquished Creatures
  Ijyb (D:2)
  2 adders (D:2)
  A giant mite (D:2)
  A worm (D:2)
  A giant gecko (D:1)
  An ooze (D:1)
  A giant cockroach (D:1)
  2 hobgoblins
  A jackal (D:2)
  3 kobolds
  2 quokkas (D:2)
  3 bats
  2 giant newts (D:2)
  5 goblins
  7 rats
33 creatures vanquished.

Notes
Turn   | Place    | Note
--------------------------------------------------------------
     0 | D:1      | bullock, the Gargoyle Wizard, began the quest for the Orb.
     0 | D:1      | Reached XP level 1. HP: 10/10 MP: 4/4
   195 | D:1      | Reached XP level 2. HP: 13/15 MP: 0/6
   255 | D:1      | Learned a level 2 spell: Blink
   258 | D:1      | Learned a level 2 spell: Repel Missiles
   956 | D:2      | Noticed Sigmund
  1041 | D:2      | Noticed Ijyb
  1062 | D:2      | Killed Ijyb
  1062 | D:2      | Reached XP level 3. HP: 12/19 MP: 0/8
  1067 | D:2      | Learned a level 3 spell: Conjure Flame
  1357 | D:2      | Reached XP level 4. HP: 24/24 MP: 0/10
  1600 | D:2      | Found a shadowy altar of Dithmenos.
  1784 | D:2      | Mangled by Sigmund

Action                   |  1- 3 |  4- 6 || total
-------------------------+-------+-------++-------
Melee: Unarmed           |    10 |       ||    10
       Dagger            |    22 |     6 ||    28
 Cast: Magic Dart        |    63 |    26 ||    89
       Repel Missiles    |     1 |       ||     1
       Blink             |     1 |       ||     1
       Conjure Flame     |       |     1 ||     1
  Eat: Chunk             |     1 |     1 ||     2
